 Dungeon Crawl Stone Soup version 0.29.1-2-gbd0b4ee654 (webtiles) character file.

Game seed: 12279125776686413096

1132 KittyFluff the Cudgeller (level 8, -17/72 HPs)
             Began as a Gargoyle Berserker on Nov 25, 2022.
             Was an Elder of Trog.
             Demolished by a cyclops (26 damage)
             ... on level 6 of the Dungeon.
             The game lasted 00:18:55 (5734 turns).

KittyFluff the Cudgeller (Gargoyle Berserker)       Turns: 5734, Time: 00:18:55

Health: -17/72     AC: 11    Str: 21    XL:     8   Next: 36%
Magic:  8/8        EV: 12    Int:  8    God:    Trog [****..]
Gold:   392        SH:  5    Dex: 11    Spells: 7/7 levels left

rFire   . . .      SeeInvis .   z - +0 flail (holy)
rCold   . . .      Faith    .   (no shield)
rNeg    + . .      Spirit   .   b - +0 animal skin
rPois   ∞          Reflect  +   m - +0 helmet
rElec   +          Harm     .   (no cloak)
rCorr   .          Rampage  .   (no gloves)
Will    .....                   C - +1 pair of boots
Stlth   ..........              n - amulet of reflection
HPRegen 0.22/turn               f - ring of flight
MPRegen 0.11/turn               (no ring)

@: berserking (expiring), flying, very quick
A: sickness immunity, AC +5, negative energy resistance 1, electricity
resistance, torment resistance 1, petrification resistance
a: Renounce Religion, Berserk, Trog's Hand, Brothers in Arms


You were on level 6 of the Dungeon.
You worshipped Trog.
Trog was greatly pleased with you.
You visited 1 branch of the dungeon, and saw 6 of its levels.

You collected 392 gold pieces.

Inventory:

Hand Weapons
 a - a +0 mace
 z - a +0 flail of holy wrath (weapon)
 A - a +0 sling
Missiles
 k - 25 poisoned darts (quivered)
 y - 3 curare-tipped darts
 D - 6 atropa-tipped darts
 F - 3 boomerangs
Armour
 b - a +0 animal skin (worn)
 m - a +0 helmet (worn)
 C - a +1 pair of boots (worn)
Magical Staves
 l - a staff of death
Jewellery
 f - a ring of flight (left hand)
 n - an amulet of reflection (around neck)
 p - an amulet of regeneration
Wands
 G - a wand of polymorph (5)
 J - a wand of paralysis (9)
Scrolls
 c - 3 scrolls of identify {unknown}
 d - 3 scrolls of teleportation {unknown}
 e - 2 scrolls of noise {unknown}
 j - a scroll of poison {unknown}
 o - 3 scrolls of vulnerability {unknown}
 q - 2 scrolls of fear {unknown}
 s - 2 scrolls of amnesia {unknown}
 v - 2 scrolls of torment {unknown}
 w - a scroll of brand weapon {unknown}
 x - a scroll of fog {unknown}
 B - a scroll of magic mapping {unknown}
Potions
 g - a potion of attraction {unknown}
 h - 2 potions of curing {unknown}
 i - 2 potions of flight {unknown}
 r - 2 potions of berserk rage {unknown}
 t - a potion of haste {unknown}
 u - a potion of invisibility {unknown}
 E - a potion of brilliance {unknown}
 I - a potion of lignification {unknown}
Miscellaneous
 H - a box of beasts


   Skills:
 + Level 4.9 Fighting
 + Level 6.6 Maces & Flails
 * Level 5.0 Armour
 + Level 3.6 Dodging
 + Level 1.6 Stealth
 + Level 3.0 Shields


You had 7 spell levels left.
You didn't know any spells.
Your spell library was empty.

Dungeon Overview and Level Annotations

Branches:
Dungeon (7/15)
 Temple: D:4-7

Altars:
Cheibriados
Trog


Innate Abilities, Weirdness & Mutations

You are immune to sickness and miasma.
Your stone body is resilient. (AC +5)
You are immune to poison.
You resist negative energy. (rN+)
You are resistant to electric shocks. (rElec)
You are resistant to unholy torment.
You are immune to petrification.


Message History

Found a scroll labelled NUMNIG ASHROHA.
You now have 392 gold pieces (gained 16).
s - 2 scrolls labelled NUMNIG ASHROHA (gained 1)
A cyclops comes into view.
The cyclops shouts!
Throw: 27 darts (poison)
Press: ? - help, Q - select action, (/) - cycle Shift-Dir - straight line, f - cyclops
Aim: a cyclops, quivering large rocks (85% to hit)
You throw a poisoned dart. The poisoned dart hits the cyclops.
The cyclops is poisoned.
The cyclops throws a large rock.
The large rock closely misses you.
Throw: 26 darts (poison)
Press: ? - help, Q - select action, (/) - cycle Shift-Dir - straight line, f/p - cyclops
Aim: a cyclops, quivering large rocks (poisoned, 85% to hit)
You throw a poisoned dart. The poisoned dart hits the cyclops.
The cyclops looks even sicker.
The cyclops throws a large rock.
The large rock hits you!!
You start resting.
A cyclops is nearby!
A red film seems to cover your vision as you go berserk!
You feel yourself moving faster!
You feel mighty!
You feel a strong urge to attack something.
The cyclops hits you.
You hit the cyclops.
The cyclops is moderately wounded.
You hit the cyclops.
The cyclops is moderately wounded.
The cyclops hits you!!
You completely miss the cyclops.
The cyclops is moderately wounded.
You sock the cyclops!
The cyclops is severely wounded.
The cyclops hits you!
* * * LOW HITPOINT WARNING * * *
You barely miss the cyclops.
The cyclops is severely wounded.
You hit the cyclops.
The cyclops is severely wounded.
The cyclops hits you!!
You die...

..##..########.# #...
.#....#.# ###
............#.#####.#
.............#.......##
#...S$.......#####....##
.... ..................#
...##.............#
..............##
.......C@..####
.......##..#
......##...# #.##..
#...# # .... ....#
....C...### . .... .....
....##


You could see a cyclops (poisoned).

Vanquished Creatures
  A centaur (D:6)
  An ogre (D:6)
  5 kobold brigands (D:3)
  2 bullfrogs (D:6)
  A necrophage (D:4)
  A howler monkey (D:4)
  2 hounds (D:4)
  An iguana (D:4)
  7 gnolls
  8 adders
  A white imp (D:3)
  2 ufetubi
  A worm (D:2)
  4 dart slugs
  3 orcs
  8 ball pythons
  11 bats
  8 endoplasms
  5 giant cockroaches (D:1)
  12 goblins
  7 hobgoblins
  10 jackals
  5 quokkas
  8 frilled lizards
  49 kobolds
  3 rats
166 creatures vanquished.

Vanquished Creatures (others)
  A kobold (D:4)
1 creature vanquished.

Grand Total: 167 creatures vanquished

Notes
Turn   | Place    | Note
-------+----------+-------------------------------------------
     0 | D:1      | KittyFluff the Gargoyle Berserker began the quest for the
                  | Orb.
     0 | D:1      | Reached XP level 1. HP: 14/14 MP: 1/1
   132 | D:1      | Reached XP level 2. HP: 16/19 MP: 2/2
   267 | D:1      | Found a faded altar of an unknown god.
   368 | D:1      | Reached XP level 3. HP: 11/23 MP: 3/3
   393 | D:1      | Reached ** piety under Trog
  1728 | D:2      | Reached XP level 4. HP: 21/29 MP: 4/4
  1906 | D:2      | Found a bloodstained altar of Trog.
  2163 | D:2      | Reached skill level 4 in Maces & Flails
  2181 | D:2      | Reached skill level 1 in Shields
  2518 | D:3      | Reached *** piety under Trog
  2542 | D:3      | Found a snail-covered altar of Cheibriados.
  2753 | D:3      | Reached XP level 5. HP: 33/33 MP: 5/5
  3064 | D:3      | Noticed a kobold brigand
  3114 | D:3      | Killed a kobold brigand
  3115 | D:3      | Reached skill level 1 in Stealth
  3162 | D:3      | Noticed a kobold brigand
  3182 | D:3      | Killed a kobold brigand
  3183 | D:3      | Reached XP level 6. HP: 38/38 MP: 6/6
  3573 | D:3      | Reached skill level 5 in Maces & Flails
  3867 | D:3      | Reached **** piety under Trog
  3881 | D:3      | Reached XP level 7. HP: 30/44 MP: 7/7
  4995 | D:4      | Reached skill level 6 in Maces & Flails
  5134 | D:4      | You are sucked into a shaft and drop 3 floors!
  5250 | D:6      | Reached XP level 8. HP: 26/48 MP: 8/8
  5303 | D:6      | HP: 2/48 [ogre/+0 giant spiked club (15)]
  5658 | D:6      | Reached skill level 5 in Armour
  5717 | D:6      | Noticed a cyclops
  5734 | D:6      | Demolished by a cyclops

Illustrated notes

Levels and vault maps discovered:
D:1:      nzn_arrival_water_spiral, layout_loops_corners,
          shapermc_ecumenical_altar_venn
D:2:      layout_loops_corners, basic_altar, kennysheep_generic_room_8
D:3:      minmay_goblin_kobold_castle, layout_basic,
          mainiacjoe_overflow_six_doors_small, serial_curves, eino_curves_01,
          eino_curves_02, st_stairs_5, minivault_14
D:4:      minmay_octagon_keep, layout_basic, kennysheep_generic_room_9
D:6:      layout_cave_pools, minmay_temple_entry_drinking_statues,
          serial_co_window_serial, co_window_of_opportunity_a,
          co_window_corner_a, co_window_corner_a, co_window_of_opportunity_a,
          co_window_corner_a, co_window_unsneaky_path_a,
          co_window_unsneaky_path_b, co_window_2corner, glass_columns_b,
          glass_columns_a, glass_columns_a, glass_columns_a,
          minmay_shop_grid_forest
D:7:      layout_basic, nicolae_hepliaklqana_hippocampus, enter_bailey_3

Skill      XL: |  1  2  3  4  5  6  7  8 |
---------------+-------------------------+-----
Maces & Flails | 4 5 6 |  6.6
Shields        | 1 2 3 |  3.0
Dodging        | 2 3 |  3.6
Fighting       | 4 |  4.9
Armour         | 3 4 5 |  5.0
Stealth        | 1 |  1.6

Action                   |  1- 3 |  4- 6 |  7- 9 || total
-------------------------+-------+-------+-------++-------
Melee: Mace              |   166 |   281 |    41 ||   488
       Punch             |     2 |     2 |     2 ||     6
       Flail             |       |       |   150 ||   150
Throw: Dart              |       |       |     2 ||     2
Invok: Berserk           |       |     4 |     1 ||     5
 Stab: Sleeping          |     3 |       |       ||     3
Armor: Animal skin       |    81 |   108 |    77 ||   266
Dodge: Dodged            |   105 |   183 |   122 ||   410
Block: Other             |     5 |    83 |    45 ||   133
       Reflection        |       |     3 |     1 ||     4
